Sappers lead the way

Match 26862117
End
Pioneer Squad
Construct Infanterie Kompanie
Grenadier Squad
Grenadier Squad
GrW 34 Mortar Team
Construct Panzergrenadier Kompanie
Panzergrenadier Squad
Pak 40 Anti-tank Gun Team
Medical Station
Selects Luftwaffe Battlegroup
Selects Stuka Strafing Run
Selects Fallschirmjäger Squad Paradrop
Stuka Strafing Run
Fallschirmjäger Squad Paradrop
Panzergrenadier Officer Quarters
Pioneer Squad
Stuka Strafing Run
Construct Panzer Kompanie
MG 42 Machine Gun Team
Selects Stuka Loiter
Panzer IV Medium Tank
Stuka Strafing Run
MG 42 Machine Gun Team
Selects Luftwaffe Pioneer Support
Selects LG40 Recoilless Gun Paradrop
Stuka Strafing Run
Sturmpanzer IV Brummbär
Selects Infantry Reserves
Sturmpanzer IV Brummbär
Stuka Loiter
Sturmpanzer IV Brummbär
Stuka Strafing Run
Side Skirts
Panzer Officer Quarters
Stuka Loiter
Stuka Strafing Run
Pak 40 Anti-tank Gun Team
Panzer IV Medium Tank
Panzer IV Medium Tank
Stuka Loiter
251 Medium Carrier
Pak 40 Anti-tank Gun Team
Stuka Strafing Run
Evelynn
Kodak
疾風刃雷
Ruby
0
0

Comments sign in to comment!

No comments posted yet!